 Dungeon Crawl Stone Soup version 0.25-a0-860-gf695395b5c (webtiles) character file.

Game seed: 4261786089801758916, levelgen mode: deterministic

192 kae the Ruffian (level 5, 16/40 HPs)
             Began as a Draconian Transmuter on Apr 27, 2020.
             Quit the game on level 4 of the Dungeon.
             The game lasted 00:03:34 (3691 turns).

kae the Ruffian (Draconian Transmuter)              Turns: 3691, Time: 00:03:34

Health: 16/40      AC:  5    Str: 12    XL:     5   Next: 42%
Magic:  14/18      EV: 12    Int: 15    God:
Gold:   125        SH:  0    Dex: 11    Spells: 4/10 levels left

rFire    . . .     SeeInvis .     - Unarmed
rCold    . . .     Gourm    .   (no shield)
rNeg     . . .     Faith    .   (armour unavailable)
rPois    .         Spirit   .   (helmet restricted)
rElec    .         Reflect  .   h - scarf {cloud immunity}
rCorr    .         Harm     .   (no gloves)
MR       .....                  (no boots)
Stlth    +.........             (no amulet)
HPRegen  0.13/turn              j - ring of magical power
MPRegen  0.16/turn              (no ring)

@: no status effects
A: unfitting armour, cold-blooded, AC +5
a: no special abilities


You were on level 4 of the Dungeon.
You were not hungry.

You visited 1 branch of the dungeon, and saw 4 of its levels.

You collected 125 gold pieces.

Inventory:

Missiles
 a - 29 arrows
Armour
 h - a scarf of cloud immunity (worn)
Jewellery
 j - a ring of magical power (left hand)
Scrolls
 b - a scroll of enchant armour
 d - a scroll of noise
 e - a scroll of remove curse
 g - 2 scrolls of identify
Potions
 f - 2 potions of ambrosia
 i - a potion of flight
Comestibles
 c - 5 rations


   Skills:
 - Level 1.1 Fighting
 - Level 1.7 Dodging
 * Level 4.9 Unarmed Combat
 + Level 3.1 Spellcasting
 + Level 3.2 Transmutations


You had 4 spell levels left.
You knew the following spells:

 Your Spells              Type           Power        Failure   Level  Hunger
a - Beastly Appendage     Tmut           ##....       5%          1    #......
b - Sticks to Snakes      Tmut           ##......     8%          2    ##.....
c - Spider Form           Tmut/Pois      #.........   30%         3    ###....

Your spell library contained the following spells:

 Spells                   Type           Power        Failure   Level  Hunger
 Ice Form                 Ice/Tmut       #.......     69%         4    #####..
 Blade Hands              Tmut           ##........   82%         5    ######.


Dungeon Overview and Level Annotations

Branches:
Dungeon (4/15)
 Temple: D:4-7

Altars:
Kikubaaqudgha
Okawaru


Innate Abilities, Weirdness & Mutations

Your plain brown scales are hard. (AC +5)
You cannot fit into any form of body armour.
You are cold-blooded and may be slowed by cold attacks.


Message History

The phantom hits you.
The phantom blinks!
Found a stone staircase leading down.
Found an encrusted onyx ring, a pair of gloves, a ration and a short sword.
Found a stone staircase leading up.
Your adder misses the phantom.
Your adder bites the phantom.
You see here the +4 Cigotuvi's embrace {rRot *Drain rN+}.
Press: ? - help, v - describe, . - travel, g - get item The +4 Cigotuvi's embrace {rRot *Drain rN+}.
The floor.
A phantom is nearby!
A phantom is nearby!
You are too injured to fight recklessly!
You are too injured to fight recklessly!
You are too injured to fight recklessly!
You are too injured to fight recklessly!
You are too injured to fight recklessly!
You are too injured to fight recklessly!
Okay, then.
Are you sure you want to abandon this character and quit the game? (Confirm with "yes".)

#### .>. ..## ..#
#.#
######@#########
...<.....W...=[%)
#########.S####.
##.# #.####.#
#.##......#
#.....#####
#.###.# # #?##


You could see a phantom and a friendly adder.

Vanquished Creatures
  Sigmund (D:2)
  4 adders
  2 worms (D:2)
  An orc (D:3)
  5 bats
  5 giant cockroaches
  8 goblins
  4 hobgoblins
  3 jackals (D:1)
  2 quokkas (D:2)
  2 frilled lizards
  4 kobolds
  7 rats
48 creatures vanquished.

Notes
Turn   | Place    | Note
-------+----------+-------------------------------------------
     0 | D:1      | kae the Draconian Transmuter began the quest for the Orb.
     0 | D:1      | Reached XP level 1. HP: 16/16 MP: 3/3
   164 | D:1      | Reached XP level 2. HP: 10/23 MP: 5/5
   408 | D:1      | Learned a level 2 spell: Sticks to Snakes
   916 | D:2      | Noticed Sigmund
  1399 | D:2      | Reached XP level 3. HP: 28/28 MP: 4/6
  1404 | D:2      | Found an iron altar of Okawaru.
  1692 | D:2      | Reached skill level 4 in Unarmed Combat
  2202 | D:2      | Killed Sigmund
  2202 | D:2      | Reached XP level 4. HP: 10/35 MP: 3/8
  2202 | D:2      | Reached XP level 5. HP: 12/40 MP: 3/9
  2862 | D:3      | Learned a level 3 spell: Spider Form
  3029 | D:3      | Found an ancient bone altar of Kikubaaqudgha.
  3667 | D:4      | Noticed a phantom
  3681 | D:4      | Found the +4 Cigotuvi's embrace {rRot *Drain rN+}
  3691 | D:4      | Quit the game

Levels and vault maps discovered:
D:1:      wander_arrival_fairy_ring, layout_basic, minmay_misc_feat_diagonals,
          st_stairs_10
D:2:      layout_basic, okawaru_trees_2, first_ration, uniq_sigmund
D:3:      layout_loops_ring, lemuel_coloured_pillars_altar
D:4:      layout_rooms, kennysheep_mini_moat, ebering_ghost_rock_garden

Skill      XL: |  1  2  3 |
---------------+----------+-----
Unarmed Combat | 4 |  4.9
Spellcasting   | 3 |  3.1
Transmutations | 3 |  3.2
Fighting       | |  1.1
Dodging        | |  1.7

Action                   |  1- 3 |  4- 6 || total
-------------------------+-------+-------++-------
Melee: Unarmed           |   152 |    32 ||   184
       Kick              |     8 |     1 ||     9
       Tailslap          |    12 |     5 ||    17
       Headbutt          |     6 |     1 ||     7
       Punch             |     1 |       ||     1
 Cast: Beastly Appendage |    23 |     4 ||    27
       Sticks to Snakes  |     4 |     1 ||     5
  Use: Scroll            |     3 |     4 ||     7
       Potion            |     2 |       ||     2
 Stab: Sleeping          |     1 |       ||     1
  Eat: Chunk             |     4 |     2 ||     6
       Ration            |       |     1 ||     1
Armor: Skin              |    53 |    10 ||    63
Dodge: Dodged            |   125 |    15 ||   140

Table legend:
 A = Non-vault XP
 B = Vault XP
 C = Vault XP percentage of total XP
 D = Non-vault monster count
 E = Vault monster count
 F = Vault count percentage of total count
                 A         B        C        D         E       F
            +---------+---------+-------+---------+---------+-------
      Total |     123 |     152 |  55.3 |      44 |       4 |   8.3
            +---------+---------+-------+---------+---------+-------
        D:1 |      28 |       6 |  17.6 |      17 |       3 |  15.0
        D:2 |      64 |     146 |  69.5 |      23 |       1 |   4.2
        D:3 |      31 |       0 |   0.0 |       4 |       0 |   0.0
            +---------+---------+-------+---------+---------+-------
